[Event "10th Mumbai Mayors Cup 2017"]
[Site "Mumbai"]
[Date "2017.06.10"]
[Round "9"]
[White "Raahul V S"]
[Black "Barath Kalyan M"]
[Result "1-0"]
[ECO "A29"]
[WhiteElo "2282"]
[BlackElo "2014"]
[Annotator "NA"]
[PlyCount "131"]
[EventDate "2017.06.04"]
[EventType "swiss"]
[EventCountry "IND"]
[SourceTitle "playchess.com"]
[Source "ChessBase"]
[SourceQuality "1"]
[TimeControl "5400+30"]

1. c4 e5 2. Nc3 Nf6 3. g3 Bb4 4. Bg2 O-O 5. Nf3 Re8 6. O-O Nc6 7. Nd5 Bc5 8. e3 e4 9. Ne1 Nxd5 10. cxd5 Nb4 11. Qb3 c6 12. dxc6 dxc6 13. a3 Nd3 14. Nxd3 Qxd3 15. Qxd3 exd3 16. b4 Bd6 17. Bb2 a5 18. Bc3 Be5 19. Bxe5 Rxe5 20. Rfb1 f5 21. bxa5 Be6 22. Rxb7 Rexa5 23. Bxc6 Rxa3 24. Rb8+ Rxb8 25. Rxa3 Rb1+ 26. Kg2 Bc4 27. Rc3 Ba6 28. Bd5+ Kf8 29. Ra3 Rb6 30. e4 fxe4 31. Bxe4 h6 32. Bxd3 Bb7+ 33. Kf1 Bf3 34. Bf5 Bd5 35. Ke2 Kf7 36. d3 Kf6 37. Be4 Be6 38. Ke3 Rb2 39. Ra6 Ke7 40. h4 Bf7 41. d4 Bc4 42. Ra7+ Kf6 43. d5 Re2+ 44. Kd4 Bb5 45. Rb7 Be8 46. Rb6+ Ke7 47. f3 Rg2 48. g4 h5 49. d6+ Kf8 50. Rb8 Rd2+ 51. Kc5 Kf7 52. Bd5+ Rxd5+ 53. Kxd5 hxg4 54. Rxe8 Kxe8 55. fxg4 Kd7 56. h5 Kd8 57. Ke6 Ke8 58. g5 Kd8 59. d7 Kc7 60. Ke7 Kb7 61. d8=Q Ka7 62. Qa5+ Kb7 63. Qb5+ Ka7 64. Kd7 Ka8 65. Kc7 Ka7 66. Qb7# 1-0

[Event "10th Mumbai Mayors Cup 2017"]
[Site "Mumbai"]
[Date "2017.06.10"]
[Round "9"]
[White "Sauravh, Khherdekar"]
[Black "Das, Sayantan"]
[Result "1-0"]
[ECO "B13"]
[WhiteElo "2230"]
[BlackElo "2401"]
[Annotator "NA"]
[PlyCount "90"]
[EventDate "2017.06.04"]
[EventType "swiss"]
[EventCountry "IND"]
[SourceTitle "playchess.com"]
[Source "ChessBase"]
[SourceQuality "1"]
[TimeControl "5400+30"]

1. d4 d5 2. Bf4 Nf6 3. e3 c5 4. Nc3 cxd4 5. exd4 a6 6. Nf3 Nc6 7. Ne5 e6 8. Be2 Be7 9. O-O O-O 10. Nxc6 bxc6 11. Na4 Nd7 12. c4 Nb6 13. c5 Nd7 14. Re1 Re8 15. Rc1 Bf8 16. Bg3 g6 17. Qb3 Ra7 18. Nb6 Bg7 19. Nxd7 Bxd7 20. Qc3 a5 21. Bd3 Rb7 22. Be5 Bxe5 23. Rxe5 Qb8 24. b3 Rb4 25. Bc2 f6 26. Ree1 e5 27. dxe5 fxe5 28. a3 Rb5 29. Rcd1 d4 30. Qg3 Kg7 31. Rc1 Bc8 32. h4 Kh8 33. h5 gxh5 34. Qg5 Qc7 35. Qxh5 Re7 36. Bxh7 Rxh7 37. Qe8+ Kg7 38. Rxe5 Kf6 39. Rce1 Qd7 40. Qf8+ Kg6 41. f4 Qg4 42. Rg5+ Qxg5 43. fxg5 Rf7 44. Qxc8 Rxc5 45. Qe6+ Kg7 1-0

[Event "10th Mumbai Mayors Cup 2017"]
[Site "Mumbai"]
[Date "2017.06.10"]
[Round "9"]
[White "Aditya Mittal"]
[Black "Harshavardhan G B"]
[Result "1-0"]
[ECO "E24"]
[WhiteElo "2211"]
[BlackElo "1978"]
[Annotator "NA"]
[PlyCount "113"]
[EventDate "2017.06.04"]
[EventType "swiss"]
[EventCountry "IND"]
[SourceTitle "playchess.com"]
[Source "ChessBase"]
[SourceQuality "1"]
[TimeControl "5400+30"]

1. d4 Nf6 2. c4 e6 3. Nc3 Bb4 4. a3 Bxc3+ 5. bxc3 c5 6. f3 d6 7. e4 Nc6 8. Be3 b6 9. Bd3 e5 10. Ne2 h6 11. O-O g5 12. Ng3 Qc7 13. d5 Na5 14. a4 Bd7 15. Kf2 O-O-O 16. Rh1 Rdg8 17. h4 Qd8 18. hxg5 hxg5 19. Qc2 Ne8 20. Ke2 Ng7 21. Raf1 f6 22. Nf5 Nxf5 23. exf5 Qe8 24. g4 Bxa4 25. Qb1 Rxh1 26. Rxh1 Rh8 27. Bxg5 fxg5 28. f6 e4 29. Bxe4 Rf8 30. Rh7 Bd7 31. Re7 Rxf6 32. Rxe8+ Bxe8 33. Qh1 Rf7 34. Qh6 Nxc4 35. Qxg5 a5 36. Bg6 Rg7 37. Bf5+ Rd7 38. Qe7 Kc7 39. Qxe8 Rg7 40. Qf8 Rd7 41. Bxd7 Kxd7 42. g5 Ne5 43. f4 Ng6 44. Qf7+ Ne7 45. g6 a4 46. g7 Kd8 47. g8=Q+ Nxg8 48. Qxg8+ Kd7 49. Qa8 b5 50. f5 Ke7 51. Qh8 Kf7 52. f6 Kg6 53. Qg7+ Kf5 54. f7 Ke4 55. Qg5 b4 56. f8=Q bxc3 57. Qff4# 1-0

[Event "10th Mumbai Mayors Cup 2017"]
[Site "Mumbai"]
[Date "2017.06.10"]
[Round "9"]
[White "Mithil, Ajgaonkar"]
[Black "Sanjeev, Kumar"]
[Result "1-0"]
[ECO "E69"]
[WhiteElo "2203"]
[BlackElo "2076"]
[Annotator "NA"]
[PlyCount "113"]
[EventDate "2017.06.04"]
[EventType "swiss"]
[EventCountry "IND"]
[SourceTitle "playchess.com"]
[Source "ChessBase"]
[SourceQuality "1"]
[TimeControl "5400+30"]

1. d4 Nf6 2. Nf3 g6 3. g3 Bg7 4. Bg2 O-O 5. O-O d6 6. c4 Nbd7 7. Nc3 c6 8. e4 e5 9. h3 Re8 10. Be3 exd4 11. Nxd4 Nc5 12. Qc2 Qe7 13. Rfe1 Bd7 14. Nb3 Na6 15. Rad1 Be6 16. Qe2 Nd7 17. Nd4 Ne5 18. b3 c5 19. Ndb5 Rad8 20. Rd2 Nc7 21. Red1 Nc6 22. Nxc7 Qxc7 23. Nb5 Qb6 24. Nxd6 Rf8 25. Bg5 Nd4 26. Rxd4 Bxd4 27. Bxd8 Qxd6 28. Ba5 Qa6 29. Bc7 b6 30. Kh2 Qc8 31. Bf4 Re8 32. Bh6 Qc7 33. Qf3 Qe7 34. Qf4 Bc8 35. Qd2 Bb7 36. Be3 Rd8 37. Qe2 Kg7 38. Bxd4+ cxd4 39. e5 Bxg2 40. Kxg2 a5 41. Qe4 d3 42. Rxd3 Rxd3 43. Qxd3 Qxe5 44. Qe3 Qd6 45. a3 a4 46. Qc3+ f6 47. b4 h5 48. h4 Qc6+ 49. Kg1 Qe4 50. c5 bxc5 51. Qxc5 Qe1+ 52. Kh2 Kf7 53. b5 Qa5 54. Qc6 Qd2 55. Kg2 Qb2 56. b6 Qxa3 57. b7 1-0

[Event "10th Mumbai Mayors Cup 2017"]
[Site "Mumbai"]
[Date "2017.06.10"]
[Round "9"]
[White "Arvind, Shastry"]
[Black "Chandreyee, Hajra"]
[Result "1-0"]
[ECO "D37"]
[WhiteElo "2190"]
[BlackElo "1997"]
[Annotator "NA"]
[PlyCount "66"]
[EventDate "2017.06.04"]
[EventType "swiss"]
[EventCountry "IND"]
[SourceTitle "playchess.com"]
[Source "ChessBase"]
[SourceQuality "1"]
[TimeControl "5400+30"]

1. d4 d5 2. Nf3 Nf6 3. c4 e6 4. Nc3 Be7 5. Bf4 O-O 6. e3 b6 7. Bd3 dxc4 8. Bxc4 Bb7 9. O-O Nbd7 10. Qe2 a6 11. a4 c5 12. h3 cxd4 13. exd4 Nb8 14. Rfd1 Nd5 15. Bxb8 Nxc3 16. bxc3 Bxf3 17. Qxf3 Qxb8 18. d5 e5 19. Qd3 Qa7 20. d6 Bh4 21. Qf5 g6 22. Qxe5 Bxf2+ 23. Kh1 Rad8 24. Rd3 Bc5 25. a5 b5 26. Bb3 Rd7 27. Rad1 Rfd8 28. h4 Bf2 29. Qf6 Re8 30. h5 gxh5 31. Rf3 Re2 32. Rf1 Rb2 33. Be6 Bh4 1-0

[Event "10th Mumbai Mayors Cup 2017"]
[Site "Mumbai"]
[Date "2017.06.10"]
[Round "9"]
[White "Jayakumaar S"]
[Black "Anisuzzaman, Jewel"]
[Result "1-0"]
[ECO "A01"]
[WhiteElo "2185"]
[BlackElo "1985"]
[Annotator "NA"]
[PlyCount "63"]
[EventDate "2017.06.04"]
[EventType "swiss"]
[EventCountry "IND"]
[SourceTitle "playchess.com"]
[Source "ChessBase"]
[SourceQuality "1"]
[TimeControl "5400+30"]

1. b3 d5 2. Bb2 Bg4 3. f3 Bh5 4. e4 e6 5. Qe2 c6 6. exd5 Qxd5 7. Nc3 Qa5 8. O-O-O Nf6 9. g4 Bg6 10. f4 Be7 11. Re1 Qd8 12. f5 exf5 13. Ba3 Ng8 14. h4 fxg4 15. Bxe7 Nxe7 16. h5 Bf5 17. Qe5 Kf8 18. h6 Rg8 19. Nge2 Nd7 20. hxg7+ Rxg7 21. Qd6 Nb6 22. Qa3 Kg8 23. Ng3 Be6 24. Nh5 a5 25. Nxg7 Kxg7 26. Qb2 Qd4 27. Bd3 Ng6 28. Re4 Qd8 29. Nd5+ Kf8 30. Nxb6 Qxb6 31. Rxe6 fxe6 32. Qf6+ 1-0

[Event "10th Mumbai Mayors Cup 2017"]
[Site "Mumbai"]
[Date "2017.06.10"]
[Round "9"]
[White "Tarini Goyal"]
[Black "Karthik Venkataraman"]
[Result "0-1"]
[ECO "A60"]
[WhiteElo "2084"]
[BlackElo "2317"]
[Annotator "NA"]
[PlyCount "136"]
[EventDate "2017.06.04"]
[EventType "swiss"]
[EventCountry "IND"]
[SourceTitle "playchess.com"]
[Source "ChessBase"]
[SourceQuality "1"]
[TimeControl "5400+30"]

1. d4 Nf6 2. c4 c5 3. d5 e6 4. Nc3 Bd6 5. g3 exd5 6. cxd5 Bc7 7. Bg2 d6 8. Nf3 O-O 9. O-O a6 10. a4 Nbd7 11. e4 Rb8 12. Qd3 Re8 13. Re1 Nf8 14. Bg5 h6 15. Bxf6 Qxf6 16. e5 dxe5 17. Ne4 Qd8 18. Nxc5 f5 19. d6 Qxd6 20. Qc4+ Kh7 21. Rad1 Qe7 22. b4 Ng6 23. h4 b5 24. axb5 axb5 25. Qc2 e4 26. h5 Ne5 27. Nxe5 Bxe5 28. Nxe4 fxe4 29. Bxe4+ Kh8 30. Bg6 Bb7 31. Bxe8 Rxe8 32. Qf5 Qc7 33. Rd7 Qc3 34. Red1 Bc8 35. Qg6 Bxd7 36. Rxd7 Qe1+ 37. Kg2 Rf8 38. Rf7 Rxf7 39. Qxf7 Qe4+ 40. f3 Qe2+ 41. Kh1 Bf6 42. f4 Qe7 43. Qg6 Kg8 44. Kh2 Kf8 45. Qf5 Qe2+ 46. Kh3 Qc4 47. Qd7 Qf1+ 48. Kh2 Qe2+ 49. Kg1 Qxh5 50. Qc8+ Qe8 51. Qc5+ Kg8 52. Qd5+ Kh8 53. Kf2 Bc3 54. Qc5 Bf6 55. Qd5 Be7 56. Qd4 Bf8 57. Qc3 Qe4 58. Qc8 Qxb4 59. Qe8 Qc5+ 60. Kf1 b4 61. Qb8 Kh7 62. Qe8 Qc4+ 63. Kg2 Bc5 64. Qe5 Bf8 65. Qe8 Kg8 66. Kh3 b3 67. Qe5 Qc8+ 68. Kh2 Qc2+ 0-1

[Event "10th Mumbai Mayors Cup 2017"]
[Site "Mumbai"]
[Date "2017.06.10"]
[Round "9"]
[White "Dahale, Atul"]
[Black "Muthaiah AL"]
[Result "1-0"]
[ECO "E00"]
[WhiteElo "2080"]
[BlackElo "2297"]
[Annotator "NA"]
[PlyCount "83"]
[EventDate "2017.06.04"]
[EventType "swiss"]
[EventCountry "IND"]
[SourceTitle "playchess.com"]
[Source "ChessBase"]
[SourceQuality "1"]
[TimeControl "5400+30"]

1. d4 Nf6 2. c4 e6 3. Nf3 Bb4+ 4. Nbd2 O-O 5. g3 c5 6. Bg2 cxd4 7. Nxd4 Nc6 8. Nc2 Be7 9. O-O b6 10. b3 Bb7 11. Bb2 d5 12. cxd5 Nxd5 13. e4 Ndb4 14. Nxb4 Bxb4 15. Nc4 Qxd1 16. Rfxd1 Rfd8 17. e5 Na5 18. Nxa5 Bxg2 19. Kxg2 Bxa5 20. Rac1 b5 21. Bd4 Rd5 22. Be3 Rxe5 23. Bxa7 h5 24. Rd7 Bd8 25. Rc5 Rxc5 26. Bxc5 Bf6 27. Rb7 Rxa2 28. Rxb5 Kh7 29. Rb7 Kg6 30. b4 Rd2 31. Be3 Rd5 32. b5 Bd4 33. Bxd4 Rxd4 34. Kf3 Rb4 35. h4 e5 36. Ke3 f5 37. b6 Rb3+ 38. Kd2 Rb2+ 39. Kc3 Rxf2 40. Rc7 Rf1 41. Kb2 Rf2+ 42. Rc2 1-0

[Event "10th Mumbai Mayors Cup 2017"]
[Site "Mumbai"]
[Date "2017.06.10"]
[Round "9"]
[White "Lama, Himal"]
[Black "Wagh Suyog"]
[Result "0-1"]
[ECO "B21"]
[WhiteElo "2073"]
[BlackElo "2215"]
[Annotator "NA"]
[PlyCount "72"]
[EventDate "2017.06.04"]
[EventType "swiss"]
[EventCountry "IND"]
[SourceTitle "playchess.com"]
[Source "ChessBase"]
[SourceQuality "1"]
[TimeControl "5400+30"]

1. e4 c5 2. d4 cxd4 3. c3 dxc3 4. Nxc3 Nc6 5. Nf3 d6 6. Bc4 a6 7. Bf4 Nf6 8. e5 dxe5 9. Qxd8+ Nxd8 10. Bxe5 Be6 11. Be2 Nc6 12. Bg3 h6 13. O-O Nh5 14. Rfd1 Nxg3 15. hxg3 g5 16. Na4 Bg7 17. Nc5 Bc8 18. Rd2 O-O 19. Rc1 Rd8 20. Bd3 g4 21. Nh4 Rd6 22. Rcd1 Nd4 23. Be4 Rb8 24. Nb3 Nxb3 25. Rxd6 exd6 26. axb3 Be6 27. Rxd6 Bxb2 28. Rb6 Bd4 29. Rb4 Bc5 30. Rxb7 Rd8 31. Nf5 Rd1+ 32. Kh2 Bxf5 33. Bxf5 h5 34. f3 Bg1+ 35. Kh1 h4 36. Rd7 Re1 0-1

[Event "10th Mumbai Mayors Cup 2017"]
[Site "Mumbai"]
[Date "2017.06.10"]
[Round "9"]
[White "Meruga, Shanmukha"]
[Black "Moksh Amit Doshi"]
[Result "0-1"]
[ECO "E39"]
[WhiteElo "2016"]
[BlackElo "2188"]
[Annotator "NA"]
[PlyCount "108"]
[EventDate "2017.06.04"]
[EventType "swiss"]
[EventCountry "IND"]
[SourceTitle "playchess.com"]
[Source "ChessBase"]
[SourceQuality "1"]
[TimeControl "5400+30"]

1. d4 Nf6 2. c4 e6 3. Nc3 Bb4 4. Qc2 c5 5. dxc5 O-O 6. g3 Na6 7. a3 Bxc3+ 8. Qxc3 Nxc5 9. Bg2 d5 10. cxd5 Nce4 11. Qd4 exd5 12. Nf3 Bf5 13. O-O Qe7 14. Bf4 b6 15. Rac1 Rac8 16. b4 h6 17. Qb2 Nd6 18. Nd4 Bd7 19. Bxd6 Qxd6 20. Rxc8 Rxc8 21. Rc1 Rc4 22. e3 Qc7 23. Ne2 b5 24. Nc3 a6 25. Bf1 Rc6 26. Ne2 Rxc1 27. Qxc1 Qc4 28. Qb2 Bf5 29. Nf4 Qc7 30. Nd3 Bxd3 31. Bxd3 Nd7 32. Kg2 Ne5 33. Qd4 Nxd3 34. Qxd3 Qc4 35. Qf5 g6 36. Qe5 h5 37. h4 Qe4+ 38. Qxe4 dxe4 39. g4 hxg4 40. Kg3 f5 41. Kf4 Kf7 42. Kg5 Kg7 43. h5 gxh5 44. Kxf5 Kh6 45. Kf4 Kg6 46. Kxe4 Kg5 47. Kd3 h4 48. Ke2 h3 49. Kf1 Kf5 50. Kg1 Ke4 51. Kh1 Kf3 52. Kh2 Kxf2 53. e4 g3+ 54. Kxh3 g2 0-1

[Event "10th Mumbai Mayors Cup 2017"]
[Site "Mumbai"]
[Date "2017.06.10"]
[Round "9"]
[White "Chittal, Sairaj"]
[Black "Pradeep Kumar R A"]
[Result "0-1"]
[ECO "A48"]
[WhiteElo "2000"]
[BlackElo "2302"]
[Annotator "NA"]
[PlyCount "120"]
[EventDate "2017.06.04"]
[EventType "swiss"]
[EventCountry "IND"]
[SourceTitle "playchess.com"]
[Source "ChessBase"]
[SourceQuality "1"]
[TimeControl "5400+30"]

1. d4 Nf6 2. Nf3 g6 3. Bg5 Bg7 4. Nbd2 d6 5. c3 O-O 6. e4 c5 7. dxc5 dxc5 8. Bc4 Nc6 9. O-O Qc7 10. Qe2 Nd7 11. Qe3 a6 12. Rad1 b5 13. Bd5 e6 14. Bxc6 Qxc6 15. Bh6 e5 16. c4 Re8 17. Bxg7 Kxg7 18. Rfe1 f6 19. Rc1 b4 20. Nb3 a5 21. Rcd1 a4 22. Nc1 Bb7 23. h4 Nf8 24. Rd5 Ne6 25. Red1 Rad8 26. Rxd8 Rxd8 27. Rxd8 Nxd8 28. Qd3 Qc7 29. Ne2 Ne6 30. Nd2 Nd4 31. Nxd4 exd4 32. g3 Qe5 33. Kf1 Qe6 34. Kg1 Qg4 35. Qf1 Qe6 36. f3 f5 37. Qe1 fxe4 38. fxe4 Qe5 39. b3 a3 40. Qf2 Bc8 41. Qf4 Qe7 42. Kf2 Bb7 43. Ke2 Bc8 44. Nf3 Bh3 45. Qe5+ Qf6 46. Qxc5 d3+ 47. Ke3 d2 48. Nxd2 Qc3+ 49. Ke2 Bg4+ 50. Kf1 Qc1+ 51. Kf2 Qxd2+ 52. Kg1 Qc1+ 53. Kh2 Qb2+ 54. Kg1 Qb1+ 55. Kh2 Qxa2+ 56. Kg1 Qb1+ 57. Kh2 Qc2+ 58. Kg1 Qd1+ 59. Kh2 Qd2+ 60. Kg1 a2 0-1

[Event "10th Mumbai Mayors Cup 2017"]
[Site "Mumbai"]
[Date "2017.06.10"]
[Round "9"]
[White "Badrinath, S."]
[Black "Akash Pc, Iyer"]
[Result "0-1"]
[ECO "B92"]
[WhiteElo "1977"]
[BlackElo "2282"]
[Annotator "NA"]
[PlyCount "72"]
[EventDate "2017.06.04"]
[EventType "swiss"]
[EventCountry "IND"]
[SourceTitle "playchess.com"]
[Source "ChessBase"]
[SourceQuality "1"]
[TimeControl "5400+30"]

1. e4 c5 2. Nf3 Nc6 3. Nc3 d6 4. d4 cxd4 5. Nxd4 e5 6. Nb3 Nf6 7. Be2 Be7 8. O-O O-O 9. f4 a6 10. Be3 exf4 11. Bxf4 Be6 12. Qe1 Ne5 13. Qg3 Ng6 14. Be3 d5 15. exd5 Bd6 16. Qf2 Nxd5 17. Nxd5 Bxd5 18. Rad1 Bxb3 19. axb3 Qc7 20. Rxd6 Qxd6 21. Bc5 Qc7 22. Bxf8 Rxf8 23. c3 Ne5 24. Qd4 Rd8 25. Qe3 Qd6 26. h3 Qc7 27. Rf5 f6 28. Rf4 Re8 29. Bc4+ Kh8 30. Bd5 Re7 31. Qd2 Re8 32. Rh4 Rd8 33. Qc2 Qc5+ 34. Kh2 g6 35. c4 Rxd5 36. b4 Qd6 0-1

[Event "10th Mumbai Mayors Cup 2017"]
[Site "Mumbai"]
[Date "2017.06.10"]
[Round "9"]
[White "Mahindrakar Indrajeet"]
[Black "Nandhidhaa, PV."]
[Result "1/2-1/2"]
[ECO "B22"]
[WhiteElo "1977"]
[BlackElo "2249"]
[Annotator "NA"]
[PlyCount "60"]
[EventDate "2017.06.04"]
[EventType "swiss"]
[EventCountry "IND"]
[SourceTitle "playchess.com"]
[Source "ChessBase"]
[SourceQuality "1"]
[TimeControl "5400+30"]

1. e4 c5 2. c3 Nf6 3. e5 Nd5 4. g3 d6 5. exd6 Qxd6 6. Bg2 Nc6 7. Ne2 g6 8. O-O Bg7 9. Na3 O-O 10. Nb5 Qd8 11. d4 cxd4 12. Nexd4 Nxd4 13. Nxd4 e5 14. Nb3 Nb6 15. Be3 Qc7 16. Qe2 Be6 17. Rfd1 Rfd8 18. Qb5 Bf8 19. Na5 Rxd1+ 20. Rxd1 Bxa2 21. Nxb7 Be6 22. Nc5 Rd8 23. Ra1 Bc4 24. Qa5 Qb8 25. Na6 Qd6 26. h3 Qf6 27. Re1 Rd7 28. Nb4 Bb3 29. Qb5 Bc4 30. Qa5 Bb3 1/2-1/2

[Event "10th Mumbai Mayors Cup 2017"]
[Site "Mumbai"]
[Date "2017.06.10"]
[Round "9"]
[White "Shrutarshi Ray"]
[Black "Pranavananda V"]
[Result "1/2-1/2"]
[ECO "B90"]
[WhiteElo "1852"]
[BlackElo "2166"]
[Annotator "NA"]
[PlyCount "137"]
[EventDate "2017.06.04"]
[EventType "swiss"]
[EventCountry "IND"]
[SourceTitle "playchess.com"]
[Source "ChessBase"]
[SourceQuality "1"]
[TimeControl "5400+30"]

1. e4 c5 2. Nf3 d6 3. d4 cxd4 4. Nxd4 Nf6 5. Nc3 a6 6. h4 e5 7. Nb3 Be7 8. Bg5 Nbd7 9. g4 h6 10. Be3 b5 11. Bg2 Nb6 12. Bxb6 Qxb6 13. Bf3 Be6 14. Nd5 Nxd5 15. exd5 Bd7 16. Be4 Qd8 17. h5 Bg5 18. Qf3 a5 19. Bf5 Bxf5 20. Qxf5 O-O 21. Nd2 Bxd2+ 22. Kxd2 Rc8 23. Rag1 Rc4 24. Ke2 Rf4 25. Qd3 Qf6 26. Rg2 Rd4 27. Qe3 Rxd5 28. g5 Qf5 29. Rc1 Rd4 30. f3 e4 31. f4 Rc4 32. b3 Rc5 33. Ke1 Qe6 34. Rd1 Rfc8 35. Rdd2 hxg5 36. Rxg5 Rxc2 37. Rxc2 Rxc2 38. Qd4 f6 39. Rxb5 Rxa2 40. h6 Qh3 41. Rb8+ Kh7 42. Qxe4+ f5 43. Rh8+ Kxh8 44. hxg7+ Kh7 45. g8=Q+ Kxg8 46. Qe8+ Kg7 47. Qe7+ Kg6 48. Qe8+ Kf6 49. Qf8+ Ke6 50. Qc8+ Kf7 51. Qd7+ Kf6 52. Qd8+ Kg6 53. Qe8+ Kg7 54. Qe7+ Kh8 55. Qf8+ Kh7 56. Qe7+ Kg8 57. Qe8+ Kg7 58. Qe7+ Kg6 59. Qe8+ Kf6 60. Qf8+ Ke6 61. Qc8+ Ke7 62. Qc7+ Kf8 63. Qd8+ Kf7 64. Qd7+ Kf6 65. Qd8+ Kg7 66. Qe7+ Kh6 67. Qg5+ Kh7 68. Qe7+ Kg6 69. Qe8+ 1/2-1/2

[Event "10th Mumbai Mayors Cup 2017"]
[Site "Mumbai"]
[Date "2017.06.11"]
[Round "10"]
[White "Nayak Rajesh"]
[Black "Mohammad Fahad, Rahman"]
[Result "1-0"]
[ECO "C42"]
[WhiteElo "2092"]
[BlackElo "2305"]
[Annotator "ChessBase"]
[PlyCount "123"]
[EventDate "2017.06.04"]
[EventType "swiss"]
[EventCountry "IND"]
[SourceTitle "playchess.com"]
[Source "ChessBase"]
[SourceQuality "1"]
[TimeControl "5400+30"]

1. e4 e5 2. Nf3 Nf6 3. Nxe5 d6 4. Nf3 Nxe4 5. c4 Be7 6. d4 c6 7. Bd3 d5 8. O-O Bg4 9. cxd5 cxd5 10. Qa4+ Bd7 11. Qb3 Bc6 12. Ne5 O-O 13. Nc3 Bd6 14. Nxe4 dxe4 15. Bc4 Bxe5 16. dxe5 Nd7 17. Bxf7+ Kh8 18. e6 Ne5 19. Rd1 Qf6 20. Be3 Nxf7 21. exf7 Rxf7 22. Rd2 Rff8 23. Rad1 a6 24. Rd6 Qe5 25. Qb6 Rae8 26. h3 Qf5 27. Qd4 Qe5 28. Qb6 Rf6 29. Rxf6 Qxf6 30. Qc7 h6 31. Qg3 Re6 32. Rd4 Kh7 33. b3 Qe7 34. Qb8 Qf7 35. Rd2 Re8 36. Qg3 Re6 37. Qb8 Re8 38. Rd8 Rxd8 39. Qxd8 Bd7 40. Qc7 Qd5 41. Kh2 Bc6 42. Qf4 a5 43. g4 b5 44. a3 Be8 45. a4 {Qc7} Bd7 {Qf4 Be6} 46. Qc7 h5 47. Qf4 hxg4 48. hxg4 {Bf7 Kg2 Bg6 Qh2} Kg8 49. Qb8+ Kf7 50. Qc7 Kg8 51. Qb8+ Kh7 {Qh2 Kg8 Qb8 Kf7} 52. Qc7 {Kf8 Qb8} Be8 53. Qf4 {Ke7 Kh2 Ke6 Kg2} Bf7 54. Qc7 {Kf6 Qf4 Ke7 Qb8} Be6 {Qc7 Bd7} 55. Qf4 {Be6 Kh2} Bf7 56. Kg2 g6 57. Qb8 Be8 58. Qc7+ Bd7 59. Qf4 Be6 60. Qc7+ Qd7 61. Qe5 Qd3 62. Qg7+ {Kd6 Qf8 Kc6 Qa8 Kd7 Qb7 Ke8 Qb8 Kf7 Qc7 Bd7 Qf4 Ke6 Qb8 Kd5 Qc7 Bxg4 Qf7 Be6 Qb7 Ke5 Qg7 Kd5 Qb7 Ke5 Qg7 Kf5 Qf8 Ke5 Bf4 Kd4 Qc5} 1-0

[Event "10th Mumbai Mayors Cup 2017"]
[Site "Mumbai"]
[Date "2017.06.11"]
[Round "10"]
[White "Ajay Karthikeyan"]
[Black "Aditya Mittal"]
[Result "1-0"]
[ECO "D78"]
[WhiteElo "2023"]
[BlackElo "2211"]
[Annotator "ChessBase"]
[PlyCount "179"]
[EventDate "2017.06.04"]
[EventType "swiss"]
[EventCountry "IND"]
[SourceTitle "playchess.com"]
[Source "ChessBase"]
[SourceQuality "1"]
[TimeControl "5400+30"]

1. d4 d5 2. Nf3 Nf6 3. c4 c6 4. g3 dxc4 5. Bg2 g6 6. Ne5 Bg7 7. Nxc4 O-O 8. O-O Be6 9. Ne5 Nfd7 10. Nf3 Nb6 11. Nc3 Na6 12. Bf4 Nb4 13. Re1 N4d5 14. Bc1 Nxc3 15. bxc3 c5 16. e4 Bg4 17. e5 cxd4 18. cxd4 Qd7 19. Be3 f6 20. Qb3+ Be6 21. Qb4 Nd5 22. Qa3 Rac8 23. Bd2 b5 24. Rac1 Rc4 25. exf6 Rxc1 26. f7+ Bxf7 27. Rxc1 Nb6 28. Bf4 Nc4 29. Qd3 e5 30. Bg5 exd4 31. Re1 Re8 32. Rxe8+ Qxe8 33. Bh3 Bd5 34. Nxd4 Qe1+ 35. Bf1 Qe5 36. Be3 Nxe3 37. fxe3 Bh6 38. Nc2 Qe4 39. Kf2 Qh1 40. Ke1 Bc4 41. Qd8+ Bf8 42. Qf6 Bxf1 43. Qxf1 Qxh2 44. Kd1 Qh5+ 45. Kc1 Qe5 46. Qd3 a5 47. e4 b4 48. Qc4+ Kg7 49. Qd3 a4 50. Qd7+ Be7 51. Nxb4 Qc3+ 52. Nc2 Kf8 53. Qxa4 Qxg3 54. Qa8+ Kg7 55. Qb7 Qe5 56. a4 h5 57. a5 h4 58. Qd7 h3 59. Qxh3 Bg5+ 60. Kd1 Qd6+ 61. Ke2 Qd2+ 62. Kf1 Qf4+ 63. Ke2 Qd2+ 64. Kf1 Qxc2 65. Qd7+ Kh6 66. Qh3+ Kg7 67. Qd7+ Kf8 68. Qd6+ Be7 69. Qxg6 Qd1+ 70. Kg2 Qe2+ 71. Kg3 Qe3+ 72. Kg4 Qg1+ 73. Kf5 Qf2+ 74. Ke6 Qa2+ 75. Kd7 Qa4+ 76. Qc6 Qd4+ 77. Ke6 Qf6+ 78. Kd7 Qd4+ 79. Ke6 Qf6+ 80. Kd7 Qg7 81. Qa8+ Kf7 82. Qe8+ Kf6 83. e5+ Kf5 84. Qxe7 Qg1 85. Qf6+ Ke4 86. e6 Qa7+ 87. Ke8 Qb8+ 88. Kf7 Qh2 89. e7 Qh7+ 90. Kf8 1-0